 Dungeon Crawl Stone Soup version 0.32-a0-928-g1cae6b7ea0 (webtiles) character file.

Game seed: 605632978792408749

128 kae the Changeling (level 4, -8/32 HPs)
             Began as a Demonspawn Shapeshifter on Apr 12, 2024.
             Splashed by a jelly's acid (9 damage)
             ... on level 4 of the Dungeon.
             The game lasted 00:01:45 (2894 turns).

kae the Changeling (Demonspawn Shapeshifter)        Turns: 2894, Time: 00:01:46

Health: -8/32      AC: -9    Str: 21    XL:     4   Next: 87%
Magic:  4/4        EV: 11    Int: 10    God:
Gold:   164        SH:  0    Dex: 14    Spells: 3/3 levels left

rFire   . .          .
                       - Unarmed
rCold   . . .        (no shield)
rNeg    . . .        a - +1 animal skin
rPois   .            (helmet currently unavailable)
rElec   .            (cloak currently unavailable)
rCorr   .            (gloves currently unavailable)
SInv    .            (boots currently unavailable)
Will    .....        (no amulet)
Stlth   +            S - +6 ring of strength
HPRegen 0.25/turn    (no ring)
MPRegen 0.09/turn

%: no passive effects
@: beast-form, corroded
A: beast (slay +2), powered by pain 1, demonic touch 2
a: Begin Untransformation


You were on level 4 of the Dungeon.
You were a hulking beast.
You visited 1 branch of the dungeon, and saw 4 of its levels.

You collected 164 gold pieces.


Innate Abilities, Weirdness & Mutations

You are a hulking beast.
Your limbs bulge with bestial killing power. (Slay +2)
You sometimes gain a little power by taking damage.
Your touch may inflict irresistible damage on your foes.


   Skills:
 - Level 1.0 Fighting
 - Level 1.7 Dodging
 + Level 3.7 Unarmed Combat
 * Level 4.2 Shapeshifting


You had 3 spell levels left.
You didn't know any spells.
Your spell library was empty.

Inventory:

Missiles
 h - 9 poisoned darts (quivered)
 j - 29 stones
 l - 3 javelins
Armour
 a - a +1 animal skin (worn)
Magical Staves
 k - a staff of earth {!a}
   (You found it on level 1 of the Dungeon)
 p - a staff of earth {!a}
   (You found it on level 2 of the Dungeon)
Jewellery
 C - a ring of ice
   (You found it on level 3 of the Dungeon)
 S - a +6 ring of strength (left hand)
   (You found it on level 1 of the Dungeon)
Talismans
 c - a beast talisman (active)
 d - a flux talisman
Scrolls
 f - a scroll of fog
Potions
 b - 2 potions of lignification {!q}
 e - 3 potions of curing {@q1}
 g - 2 potions of mutation {!q}
 i - 3 potions of enlightenment
 m - a potion of magic {unknown}
 n - 2 potions of berserk rage {!q}
 o - a potion of resistance {unknown}

Dungeon Overview and Level Annotations

Branches:
Dungeon (4/15) Zot: 21112
 Temple: D:4-7

Altars:

Annotations:
D:2 Sigmund

# #########
....#######........
#[..Jh...........
#########<.....).
#########


You could see a jelly.


Message History

You are too injured to fight recklessly!
You are too injured to fight recklessly!
You closely miss the iguana. The iguana closely misses you.
You closely miss the iguana. The iguana closely misses you.
You are too injured to fight recklessly!
You are too injured to fight recklessly!
You hit the iguana.
You touch the iguana.
You kill the iguana! 😮 HP[+1]
You are too injured to fight recklessly!
You are too injured to fight recklessly!
You see here an iguana corpse.
e - 3 potions of curing {@q1} (gained 1) Unknown command. 😮 HP[+1]
You see here an iguana corpse.
h - 9 poisoned darts (gained 3)
You see here a +0 short sword. 😕 HP[+5]
You regained 5 hp, and now have 28/32 hp.
No target in view!
No target in view!
You now have 148 gold pieces (gained 14).
You see here a +0 short sword.
You now have 154 gold pieces (gained 6).
You now have 164 gold pieces (gained 10).
You see here a bat corpse.
You see here a +0 short sword.
There is an open door here.
You see here a +0 short sword.
You see here a +0 cloak.
Key pressed, stopping explore.
No target in view!
No target in view! 😎 HP[+4]
Your hp is fully restored (32).
n - 2 purple potions (gained 1)
There is a stone staircase leading up here.
Done exploring.
Done exploring.
No target in view!
No target in view!
Done exploring.
No target in view!
No target in view!
Done exploring.
Done exploring.
As you read the scroll labelled INNOKOZXAY, it crumbles to dust.
You feel strangely unstable.
It was a scroll of teleportation.
As you read the scroll of identify {@r1}, it crumbles to dust.
i - 3 potions of enlightenment
As you read the scroll of identify {@r1}, it crumbles to dust.
g - 2 potions of mutation Your surroundings suddenly seem different.
As you read the scroll of identify {@r1}, it crumbles to dust.
n - 2 potions of berserk rage Unknown command.
Done exploring.
Done exploring.
Done exploring.
There is a stone staircase leading down here.
You climb downwards.
There is a stone staircase leading up here.
You climb upwards.
There is a stone staircase leading down here.
There is a stone staircase leading down here.
You climb downwards.
There is a stone staircase leading up here.
Okay, then.
Okay, then.
Your library has no spells.
Unknown command.
You feel stronger.
S - a +6 ring of strength (left hand)
Okay, then.
A jelly comes into view.
A jelly is nearby!
A jelly is nearby!
A jelly is nearby!
The jelly hits you. The acid corrodes you!
You are splashed with acid!
You are too injured to fight recklessly! 😮 HP[-12]
You take 12 damage, and now have 20/32 hp.
MASSIVE DAMAGE!! (PAUSE)
You hit the jelly. The acid corrodes you!
Your hands burn!
* * * LOW HITPOINT WARNING * * *
You punch the jelly. The jelly hits you.
* * * LOW HITPOINT WARNING * * *
You are splashed with acid.
* * * LOW HITPOINT WARNING * * *
😱 HP[-14]
You take 14 damage, and now have 6/32 hp.
MASSIVE DAMAGE!! (PAUSE)
You hit the jelly. The acid corrodes you!
Your hands burn!
* * * LOW HITPOINT WARNING * * *
The jelly hits you.
* * * LOW HITPOINT WARNING * * *
You are splashed with acid!
You die...

Skill      XL: |  1  2  3  4 |
---------------+-------------+-----
Shapeshifting  | 3 4 |  4.2
Unarmed Combat | 3 |  3.7
Fighting       | |  1.0
Dodging        | |  1.7

Action                     |  1- 3 |  4- 6 || total
---------------------------+-------+-------++-------
  Melee: Unarmed           |   106 |    32 ||   138
         Touch             |    16 |     2 ||    18
         Punch             |     1 |     3 ||     4
    Use: Scroll            |     3 |     5 ||     8
   Stab: Sleeping          |     2 |     2 ||     4
 Armour: Animal skin       |    57 |    18 ||    75
  Dodge: Dodged            |    66 |    14 ||    80

Levels and vault maps discovered:
D:1:      kennysheep_arrival_seaside, layout_loops_cross
D:2:      layout_basic, grunt_decor_cap, uniq_sigmund
D:3:      layout_loops_ring, elyvilon_altar_3, hangedman_decor_growths,
          minmay_misc_feat_room, minmay_fractal_squares_gapless_5
D:4:      layout_rooms, amcnicky_altar_gilded, kennysheep_generic_room_10,
          uniq_crazy_yiuf_cottage

Notes
Turn   | Place    | Note
-------+----------+-------------------------------------------
     0 | D:1      | kae the Demonspawn Shapeshifter began the quest for the
                  | Orb.
     0 | D:1      | Reached XP level 1. HP: 15/15 MP: 1/1
     0 | D:1      | magus.rc [v1.11.3]
    90 | D:1      | HP: 3/15 [hobgoblin (3)]
    94 | D:1      | Reached skill level 3 in Shapeshifting
    94 | D:1      | Gained mutation: Your touch may inflict minor irresistible
                  | damage on your foes. [demonic ancestry]
    94 | D:1      | Reached XP level 2. HP: 6/21 MP: 2/2
   265 | D:1      | Reached skill level 3 in Unarmed Combat
   541 | D:1      | Gained mutation: You sometimes gain a little power by
                  | taking damage. [demonic ancestry]
   541 | D:1      | Reached XP level 3. HP: 26/26 MP: 3/3
  1216 | D:2      | Noticed Sigmund
  2055 | D:3      | Gained mutation: Your touch may inflict irresistible damage
                  | on your foes. [demonic ancestry]
  2055 | D:3      | Reached XP level 4. HP: 18/32 MP: 4/4
  2667 | D:3      | Reached skill level 4 in Shapeshifting
  2893 | D:4      | HP: 6/32 [acid (6)]
  2894 | D:4      | HP: 2/32 [acid (4)]
  2894 | D:4      | Splashed by a jelly's acid

Vanquished Creatures
  An iguana (D:3)
  3 adders (D:3)
  4 dart slugs
  2 ribbon worms (D:2)
  8 ball pythons
  6 bats
  5 endoplasms
  4 goblins (D:1)
  5 hobgoblins
  5 jackals
  3 quokkas (D:1)
  2 frilled lizards (D:1)
  7 kobolds
  10 rats
65 creatures vanquished.

Table legend:
 A = Non-vault XP
 B = Vault XP
 C = Vault XP percentage of total XP
 D = Non-vault monster count
 E = Vault monster count
 F = Vault count percentage of total count
                 A         B        C        D         E       F
            +---------+---------+-------+---------+---------+-------
      Total |     145 |      39 |  21.2 |      62 |       3 |   4.6
            +---------+---------+-------+---------+---------+-------
        D:1 |      51 |       0 |   0.0 |      28 |       0 |   0.0
        D:2 |      45 |       0 |   0.0 |      22 |       0 |   0.0
        D:3 |      49 |      39 |  44.3 |      12 |       3 |  20.0
            +---------+---------+-------+---------+---------+-------

Skill      XL: |  1  2  3  4 |
---------------+-------------+-----
Shapeshifting  | 3 4 |  4.2
Unarmed Combat | 3 |  3.7
Fighting       | |  1.0
Dodging        | |  1.7

Action                     |  1- 3 |  4- 6 || total
---------------------------+-------+-------++-------
  Melee: Unarmed           |   106 |    32 ||   138
         Touch             |    16 |     2 ||    18
         Punch             |     1 |     3 ||     4
    Use: Scroll            |     3 |     5 ||     8
   Stab: Sleeping          |     2 |     2 ||     4
 Armour: Animal skin       |    57 |    18 ||    75
  Dodge: Dodged            |    66 |    14 ||    80

Illustrated notes

Table legend:
 A = Kills in this place as a percentage of kills in the entire game.
 B = Kills by you in this place as a percentage of kills by you in the entire game.
 C = Kills by friends in this place as a percentage of kills by friends in the entire game.
 D = Other kills in this place as a percentage of other kills in the entire game.
 E = Experience gained in this place as a percentage of experience gained in the entire game.
 F = Experience gained in this place divided by the number of levels of this place that you have seen.
                   A       B       C       D       E      F
               +-------+-------+-------+-------+-------+----------------------
         Total | 100.0 | 100.0 |   N/A |   N/A | 100.0 |  46.0
       Dungeon | 100.0 | 100.0 |   N/A |   N/A | 100.0 |  46.0
               +-------+-------+-------+-------+-------+----------------------

Table legend: (Time is in decaauts)
 A = Elapsed time spent in this place.
 B = Non-inter-level travel time spent in this place.
 C = Inter-level travel time spent in this place.
 D = Time resting spent in this place.
 E = Time spent auto-exploring this place.
 F = Levels seen in this place.
 G = Mean time per level.
                   A        B        C        D        E       F      G
               +--------+--------+--------+--------+--------+-----+--------+
         Total |   2886 |   2689 |    197 |     75 |   2247 |   4 |  721.5 |
       Dungeon |   2886 |   2689 |    197 |     75 |   2247 |   4 |  721.5 |
               +--------+--------+--------+--------+--------+-----+--------+

Top non-repeatable levels by time:
     D:2: 1062 daAuts
     D:1: 964 daAuts
     D:3: 850 daAuts
     D:4: 9 daAuts
